 Yiufcrawl Soup (a DCSS fork) version 1.5.2b1-yiuf-19-g91104ff (webtiles) character file.

56 asd the Insei (level 3, 0/24 HPs)
             Began as a Sludge Elf Transmuter on May 21, 2018.
             Killed by nerve-wracking pain
             ... invoked by a shadow imp
             ... summoned by Natasha
              (14 damage)
             ... on level 2 of the Dungeon.
             The game lasted 00:10:10 (2781 turns).

asd the Insei (Sludge Elf Transmuter)               Turns: 2781, Time: 00:10:10

Health: 0/24       AC:  2    Str: 11    XL:     3   Next: 69%
Magic:  1/8        EV: 13    Int: 13    God:
Gold:   51         SH:  0    Dex: 15    Spells: 4/7 levels left

rFire    . . .     SeeInvis +     - Unarmed
rCold    . . .     Gourm    .   (no shield)
rNeg     . . .     Faith    .   b - +0 robe
rPois    .         Spirit   .   (no helmet)
rElec    .         Reflect  .   (no cloak)
rCorr    .         Harm     .   (no gloves)
MR       .....                  (no boots)
Stlth    ++........             (no amulet)
Regen    0.1/turn               k - +2 ring of dexterity
MPRegen  0.2/turn               c - ring of see invisible

@: very slightly contaminated
A: talons 1, sense surroundings 1, evolution 1, cold-blooded
a: no special abilities


You were on level 2 of the Dungeon.
You were not hungry.

You visited 1 branch of the dungeon, and saw 2 of its levels.

You collected 51 gold pieces.

Inventory:

Hand Weapons
 g - a +1 whip of electrocution
Missiles
 a - 33 arrows
 f - 2 tomahawks (quivered)
Armour
 b - a +0 robe (worn)
 l - +0 fire dragon scales
Jewellery
 c - a ring of see invisible (right hand)
 k - a +2 ring of dexterity (left hand)
Scrolls
 e - a scroll of immolation {unknown}
 i - a scroll of fear {unknown}
 j - a scroll of identify {unknown}
 m - a scroll of teleportation {unknown}
Potions
 n - a potion of lignification {unknown}
 o - a potion of ambrosia {unknown}
Comestibles
 d - 2 royal jellies
 h - a meat ration


   Skills:
 * Level 1.9 Fighting
 - Level 0.5 Throwing
 + Level 0.6 Armour
 - Level 2.0 Dodging
 + Level 0.9 Stealth
 * Level 3.7 Unarmed Combat
 + Level 2.9 Spellcasting
 + Level 2.7 Transmutations


You had 4 spell levels left.
You knew the following spells:

 Your Spells              Type           Power        Failure   Level  Hunger
a - Beastly Appendage     Tmut           9 (50)       10%         1    #......
b - Sticks to Snakes      Tmut           9 (100)      14%         2    ###....


Dungeon Overview and Level Annotations

Branches:
Dungeon (2/15)

Altars:
Ashenzari

Annotations:
D:2 Natasha


Innate Abilities, Weirdness & Mutations

You evolve.
You have sharp toenails.
You passively map a small area around you.
You are cold-blooded and may be slowed by cold attacks.


Message History

The shadow imp misses your ball python.
Your ball python bites Natasha but does no damage.
Your ball python constricts Natasha.
Natasha claws your ball python.
Your ball python dies!
Casting: Sticks to Snakes
Confirm with . or Enter, or press ? or * to list all spells.
You miscast Sticks to Snakes.
You are very lightly contaminated with residual magic.
Your hair momentarily turns into snakes!
Casting: Sticks to Snakes
Confirm with . or Enter, or press ? or * to list all spells.
You create a snake!
You now have 33 arrows.
Casting: Sticks to Snakes
Confirm with . or Enter, or press ? or * to list all spells.
You don't have enough magic to cast that spell.
The shadow imp disappears for a moment.
The shadow imp gestures at you. Pain shoots through your body!
Ouch! That really hurt!
You die...

#.......# #.#####.#
#.##....#
#.##.##########
#.#...#.h..5h.#
##########.#.###5####.##
........##.#.......##.#
** *
....###.##.##.##.#.##.#
.........#......@.S.#.#
.....#####..####....#.#
* ,
....)...............#.#
, ,
........8.....8.....#.#
.###.#...........#....#
*
##...#..............###
.....##..........####
.....##...>.....##
.....##.........# *


You could see Natasha, a shadow imp and a friendly ball python.

Vanquished Creatures
  An adder (D:2)
  2 dart slugs (D:1)
  A worm (D:2)
  5 bats (D:1)
  2 giant cockroaches
  6 goblins
  5 hobgoblins
  2 jackals (D:2)
  A ball python (D:1)
  2 frilled lizards
  4 kobolds
  5 rats
36 creatures vanquished.

Vanquished Creatures (collateral kills)
  An ooze (D:2)
  A worm (D:2)
  A hobgoblin (D:2)
3 creatures vanquished.

Grand Total: 39 creatures vanquished

Notes
Turn   | Place    | Note
-------+----------+-------------------------------------------
     0 | D:1      | asd the Sludge Elf Transmuter began the quest for the Orb.
     0 | D:1      | Reached XP level 1. HP: 13/13 MP: 4/4
   386 | D:1      | Gained mutation: You rapidly evolve. [being a sludge elf]
   386 | D:1      | Reached XP level 2. HP: 11/18 MP: 4/6
   937 | D:1      | Gained mutation: You are robust. (+7% HP) [evolution]
  1515 | D:1      | Lost mutation: You are robust. (+7% HP) [potion of mutation]
  1515 | D:1      | Lost mutation: You rapidly evolve. [potion of mutation]
  1515 | D:1      | Gained mutation: You are cold-blooded and may be slowed by cold attacks. [potion of mutation]
  1515 | D:1      | Gained mutation: You have sharp toenails. [potion of mutation]
  1616 | D:2      | Reached XP level 3. HP: 23/23 MP: 6/8
  1620 | D:2      | Learned a level 2 spell: Sticks to Snakes
  1773 | D:2      | Gained mutation: You passively map a small area around you. [evolution]
  2054 | D:2      | Found a shattered altar of Ashenzari.
  2708 | D:2      | Noticed Natasha
  2781 | D:2      | Killed from afar by a shadow imp

Action                   || total
-------------------------++-------
Melee: Unarmed           ||   131
       Kick              ||    22
       Headbutt          ||     6
 Cast: Beastly Appendage ||    15
       Sticks to Snakes  ||     9
  Use: Potion            ||     2
  Eat: Bread ration      ||     1
       Chunk             ||     2
Armor: Robe              ||    25
Dodge: Dodged            ||    80
